 Dungeon Crawl Stone Soup version 0.30.0-16-gbe6223bb7e (webtiles) character file.

Game seed: 6180434915645868706

290096 dolemite99 the Spry (level 20, -2/153 HPs)
             Began as a Merfolk Reaver on May 20, 2023.
             Was an Initiate of Gozag.
             Slain by a vault warden
             ... wielding a +2 war axe
              (38 damage)
             ... on level 4 of the Vaults.
             The game lasted 01:50:56 (82543 turns).

dolemite99 the Spry (Merfolk Reaver)               Turns: 82543, Time: 01:50:56

Health: -2/153     AC: 25    Str: 19    XL:     20   Next: 74%
Magic:  23/27      EV: 16    Int: 11    God:    Gozag
Gold:   3441       SH: 22    Dex: 24    Spells: 10/28 levels left

rFire   + + +        a - +6 scimitar (holy)
rCold   + + .        r - +2 kite shield {rC+ rF+}
rNeg    . . .        j - +2 plate armour {Will+}
rPois   .            p - +1 helmet "Tips" {Fly rF+ SInv}
rElec   .            y - scarf {rC+ rF+}
rCorr   .            X - +0 pair of gloves {infuse}
SInv    +            O - +1 pair of boots {Fly}
Will    +....        Q - amulet of reflection Stlth
                     B - +6 ring of strength
HPRegen 0.45/turn    J - ring "Puseoneth" {AC+4 Dex+4, =R}
MPRegen 0.20/turn

%: reflection, infuse magic (1 MP)
@: weak-willed, marked, gold aura, flying, studying Long Blades
A: (nimble swimmer 2), mertail, dopey 1, frail 1
}: 2/15 runes: decaying, serpentine
a: Renounce Religion, Potion Petition, Call Merchant, Bribe Branch


You were on level 4 of the Vaults.
You worshipped Gozag.
Gozag was most pleased with you.
You visited 7 branches of the dungeon, and saw 36 of its levels.
You visited the Abyss 1 time.

You collected 18309 gold pieces.
You spent 5243 gold pieces at shops.
You paid 9625 gold pieces to Gozag.

Inventory:

Hand Weapons
 a - a +6 scimitar of holy wrath (weapon)
 b - a +1 spectral scimitar
 d - a +0 scimitar of flaming
 f - a +2 scimitar of freezing
 L - a +2 scimitar of flaming
Armour
 j - a +2 plate armour of willpower (worn)
 p - the +1 helmet "Tips" (worn) {Fly rF+ SInv}
   (You acquired it on level 3 of the Dungeon)

   rF:        It protects you from fire.
   SInv:      It lets you see invisible.
   Fly:       It grants you flight.
 r - a +2 kite shield of resistance (worn)
 s - +0 ice dragon scales
 y - a scarf of resistance (worn)
 O - a +1 pair of boots of flying (worn)
 X - a +0 pair of gloves of infusion (worn)
Magical Staves
 F - a staff of poison
Jewellery
 n - a +5 ring of evasion
 B - a +6 ring of strength (left hand)
 G - a +6 ring of dexterity
 J - the ring "Puseoneth" (right hand) {AC+4 Dex+4, =R}
   (You bought it in a shop on level 11 of the Dungeon)

   [ring of protection]

   AC:        It affects your AC (+4).
   Dex:       It affects your dexterity (+4).
 Q - an amulet of reflection (around neck)
 T - a ring of resist corrosion
 W - an amulet of the acrobat
 Y - a +4 ring of protection
Wands
 o - a wand of digging (7)
 D - a wand of polymorph (28)
Scrolls
 c - 6 scrolls of fog
 g - 2 scrolls of butterflies
 i - 7 scrolls of magic mapping
 m - 5 scrolls of teleportation
 t - 20 scrolls of identify {@r1}
 M - 3 scrolls of vulnerability
 P - a scroll of enchant weapon
 R - 2 scrolls of poison
 V - 7 scrolls of amnesia
 Z - a scroll of brand weapon
Potions
 e - 2 potions of magic
 l - 7 potions of flight
 q - 6 potions of curing
 u - 3 potions of resistance
 v - 7 potions of attraction
 x - a potion of might
 z - 3 potions of brilliance
 C - 3 potions of berserk rage
 E - 7 potions of lignification
 K - a potion of cancellation
 S - a potion of heal wounds
Miscellaneous
 k - a phial of floods (inert) (quivered)
 w - a phantom mirror
 A - a box of beasts (inert)
 H - a condenser vane (inert)
 I - a lightning rod (2/4)


   Skills:
 - Level 18.0 Fighting
 - Level 14.0 Long Blades
 - Level 7.4 Throwing
 - Level 7.3 Armour
 + Level 19.5 Dodging
 - Level 15.4 Shields
 - Level 4.8 Spellcasting
 - Level 7.4 Conjurations
 - Level 13.0 Translocations
 - Level 8.7 Air Magic
 - Level 10.4 Poison Magic
 - Level 7.2 Evocations


You had 10 spell levels left.
You knew the following spells:

 Your Spells              Type           Power      Damage    Failure   Level
a - Lesser Beckoning      Tloc           62%        N/A       6%          2
b - Mephitic Cloud        Conj/Pois/Air  22%        N/A       56%         3
c - Passwall              Tmut/Erth      1%         N/A       100%        2
d - Teleport Other        Tloc           31%        N/A       12%         3
e - Kiss of Death         Conj/Necr      40%        2d8       88%         1
f - Summon Forest         Summ/Tloc      8%         N/A       100%        5
z - Blink                 Tloc           62%        N/A       6%          2

Your spell library contained the following spells:

 Spells                   Type           Power      Damage    Failure   Level
 Apportation              Tloc           62%        N/A       4%          1
 Gell's Gravitas          Tloc           31%        N/A       12%         3
 Momentum Strike          Conj/Tloc      50%        3d9       19%         2
 Poisonous Vapours        Pois/Air       46%        N/A       26%         2
 Magic Dart               Conj           76%        1d6       38%         1
 Searing Ray              Conj           38%        2d5       52%         2
 Cigotuvi's Dreadful Rot  Necr/Pois/Air  32%        N/A       67%         2
 Sting                    Tmut/Pois      56%        1d5       69%         1
 Olgreb's Toxic Radiance  Pois           25%        N/A       75%         4
 Iskenderun's Mystic Bla  Conj/Tloc      25%        2d7       77%         4
 Volatile Blastmotes      Fire/Tloc      34%        2d12      87%         3
 Dazzling Flash           Conj/Hex       20%        N/A       99%         3
 Hailstorm                Conj/Ice       10%        3d5       99%         3
 Stone Arrow              Conj/Erth      20%        3d8       99%         3
 Dispersal                Tloc           15%        N/A       99%         6
 Sandblast                Erth           4%         2d4       100%        1
 Dispel Undead            Necr           2%         3d7       100%        4
 Fulminant Prism          Conj/Hex       5%         3d7       100%        4
 Leda's Liquefaction      Hex/Erth       1%         N/A       100%        4
 Petrify                  Tmut/Erth      2%         N/A       100%        4
 Agony                    Necr           2%         N/A       100%        5
 Alistair's Intoxication  Tmut/Pois      9%         N/A       100%        5
 Blade Hands              Tmut           1%         N/A       100%        5
 Freezing Cloud           Conj/Ice/Air   7%         6-21      100%        5
 Irradiate                Conj/Tmut      5%         3d13      100%        5
 Iskenderun's Battlesphe  Conj           19%        2d7       100%        5
 Lee's Rapid Deconstruct  Erth           1%         3d4*      100%        5
 Silence                  Hex/Air        6%         N/A       100%        5
 Summon Mana Viper        Hex/Summ       2%         N/A       100%        5
 Death Channel            Necr           1%         N/A       100%        6
 Iron Shot                Conj/Erth      5%         9d2       100%        6
 Starburst                Conj/Fire      5%         6d4       100%        6
 Statue Form              Tmut/Erth      1%         N/A       100%        6
 Summon Cactus Giant      Summ           1%         N/A       100%        6
 Dragon Form              Tmut           1%         N/A       100%        7
 Spellforged Servitor     Conj/Summ      5%         N/A       100%        7
 Discord                  Hex            1%         N/A       100%        8
 Ignition                 Fire           1%         3d3       100%        8


Dungeon Overview and Level Annotations

Branches:
Dungeon (15/15)            Temple (0/1) D:4            Lair (5/5) D:11
  Swamp (4/4) Lair:2        Snake (4/4) Lair:2        Slime (0/5) Lair:5
    Orc (2/2) D:12            Elf (2/3) Orc:2        Vaults (4/5) D:14
  Crypt (0/3) Vaults:3     Depths (0/4) D:15

Altars:
Cheibriados
Elyvilon
Fedhas
Gozag
Hepliaklqana
Kikubaaqudgha
Nemelex Xobeh
Qazlal
Ru
Uskayaw
Xom
Yredelemnul
The Shining One

Shops:
D:6 ?   D:7 ?   D:11 :=(=*[   Orc:2 ([*(   Elf:1 *:([   Snake:2 ***
Snake:3 **::=   Vaults:2 [[

Portals:
Trove: D:11 (give 5 scrolls of fog)

Annotations:
D:7 exclusion: downstairs
Swamp:3 3 runed translucent doors, platinum's ghost, adept TeRe
Swamp:4 exclusion: 2 oklob plants
Snake:2 exclusion: downstairs
Elf:1 1 runed translucent door
Elf:2 3 runed translucent doors


Innate Abilities, Weirdness & Mutations

((You are very nimble when in or above water. (Stealth+, EV+, Speed+++)))
Your lower body shifts to a powerful aquatic tail in water.
You are dopey. (Int -2)
You are frail. (-10% HP)


Message History

You block the vault sentinel's attack. You block the vault warden's attack.
The vault warden blocks your attack.
The phantasmal warrior is distracted by your dazzling golden aura.
The vault sentinel points at you and mumbles some strange words.
You struggle to resist.
The vault warden closely misses you.
You hit the vault warden.
The vault warden is lightly wounded.
The vault sentinel points at you and mumbles some strange words.
You struggle to resist.
The vault warden hits you but does no damage.
The vault sentinel hits you with a +0 long sword.
The vault warden hits you with a +2 war axe!!!
You hear a shout!
Things that are here:
5 gold pieces; a +2 great mace of venom; a +0 ring mail You are too injured to fight recklessly!
You are too injured to fight recklessly!
You completely miss the phantasmal warrior.
The phantasmal warrior is no longer distracted by gold.
You are too injured to fight recklessly!
You hit the vault sentinel.
The vault sentinel is lightly wounded.
You block the phantasmal warrior's attack.
You block the vault sentinel's attack.
The vault warden hits you with a +2 war axe!!
You barely miss the vault sentinel.
The vault sentinel is lightly wounded.
You block the phantasmal warrior's attack.
The vault sentinel hits you with a +0 long sword!
The vault warden hits you with a +2 war axe!!
You slice the vault sentinel!!
The vault sentinel is severely wounded.
The phantasmal warrior hits you!!
* * * LOW HITPOINT WARNING * * *
Your willpower is stripped away!
The vault sentinel points at you and mumbles some strange words.
A sentinel's mark forms upon you.
The vault warden hits you with a +2 war axe!!!
You die...
Your body crumbles into a pile of gold.

###########################
..........................#
..........................#
.........#####.p..........#
.........# #..@W........#
.........# #..p.........#
......#### ####.........#
......# #.........# ......#
#.........# ......#
#.........# ......####
###.........# .........#
............# ......####
###...p.....#


You could see a vault warden (strong), a vault sentinel and a phantasmal
warrior.

Vanquished Creatures
  A tentacled monstrosity (Lair:2)
  Rupert (Lair:5)
  A Hell Sentinel (Abyss:2)
  Frances (Swamp:2)
  A tengu reaver (Vaults:1)
  Kirke (Snake:3)
  2 fenstrider witches
  4 nagarajas
  3 vault wardens
  A deep elf sorcerer (Elf:1)
  A fire giant (D:15)
  Aizul (Snake:2)
  A balrug (Abyss:2)
  A ghoul (Swamp:4)
  A deep elf elementalist (Elf:2)
  2 war gargoyles (Vaults:3)
  8 ironbound preservers
  7 very ugly things
  An orc warlord (Vaults:2)
  2 hydra skeletons (Swamp:4)
  A stone giant (Vaults:3)
  3 ironbound thunderhulks
  2 eleionomae
  2 vampire knights (Swamp:4)
  A deep elf annihilator (Elf:1)
  A starcursed mass (Abyss:2)
  A bunyip (Swamp:3)
  A blizzard demon (Abyss:2)
  A fire dragon (Lair:5)
  An ettin (Orc:2)
  Josephine (D:12)
  9 yaktaur captains
  3 entropy weavers
  A ragged hierophant (Elf:1)
  2 shambling mangroves (Swamp:4)
  2 great orbs of eyes
  An ogre mage (D:15)
  2 salamander tyrants (Snake:3)
  Erolcha (D:13)
  13 hydras
  A jorogumo (shapeshifter) (D:13)
  7 boulder beetles
  A peacekeeper (Vaults:3)
  2 ironbound frosthearts
  4 vault guards
  9 anacondas
  2 catoblepae
  3 alligators
  4 ghost crabs
  8 two-headed ogres
  7 centaur warriors
  9 naga warriors
  5 death yaks (Lair:4)
  A tengu warrior (D:13)
  3 orc high priests (Orc:2)
  2 spriggan berserkers (Swamp:4)
  8 dancing weapons
  10 naga sharpshooters
  7 spriggans
  A shock serpent (Snake:3)
  A thrashing horror (Abyss:2)
  A storm dragon zombie (Vaults:3)
  2 sun demons (Abyss:2)
  8 deep elf knights
  3 salamander mystics
  A sixfirhy (Abyss:2)
  A skyshark (Lair:5)
  The ghost of SprigganGuy the Skirmisher, a novice SpHu of Dithmenos (D:9)
  3 goliath frogs
  A shadow wraith (Abyss:2)
  11 swamp dragons
  6 deep elf archers
  16 deep trolls
  3 large abominations (Abyss:2)
  4 bog bodies
  4 phantasmal warriors
  4 naga ritualists
  8 spriggan druids
  2 sea snakes (Snake:2)
  A flayed ghost (Swamp:4)
  15 ironbound convokers
  3 spectral hydras (Swamp:4)
  A necromancer (Vaults:3)
  19 deep elf pyromancers
  6 orc knights
  10 deep elf zephyrmancers
  3 lindwurms (Vaults:3)
  3 wizards
  15 mana vipers
  7 cyclopes
  3 orc sorcerers (Orc:2)
  A wolf spider (shapeshifter) (Vaults:2)
  37 ugly things
  2 manticores (D:13)
  2 will-o-the-wisps (Swamp:2)
  9 salamanders
  9 elephants
  13 black mambas
  2 ice statues (Elf:1)
  Maurice (D:10)
  12 naga magi
  An eye of devastation (shapeshifter) (D:13)
  A demonic crawler (Abyss:2)
  7 vault sentinels
  4 guardian serpents
  A torpor snail (Lair:5)
  An orange demon (Abyss:2)
  A gargoyle (D:12)
  10 cane toads
  A cane toad (shapeshifter) (D:15)
  3 efreet
  2 unseen horrors
  5 rime drakes
  3 kobold demonologists (D:11)
  A freezing wraith (D:13)
  4 komodo dragons
  A tengu conjurer (D:15)
  14 yaktaurs
  2 ancient zymes (Abyss:2)
  10 polar bears
  2 death drake zombies (Swamp:4)
  3 meliai (D:15)
  A hellwing (Abyss:2)
  A queen bee (Lair:2)
  A wolf spider simulacrum (D:14)
  9 tyrant leeches
  A human skeleton (Vaults:3)
  12 hornets
  A tarantella (shapeshifter) (Elf:1)
  3 trolls
  10 raiju
  3 saltlings
  25 blink frogs
  An elf zombie (Vaults:3)
  Prince Ribbit (D:5)
  8 dream sheep
  9 slime creatures
  2 shadows
  A water elemental (Elf:2)
  Sigmund (D:2)
  2 air elementals (Elf:1)
  A centaur simulacrum (D:13)
  A spriggan (shapeshifter) (Abyss:2)
  9 wyverns
  3 ynoxinuls
  2 vampires
  8 wraiths
  33 yaks
  Grum (D:8)
  9 basilisks
  2 fire elementals
  3 hogs (Snake:3)
  19 vampire mosquitoes
  4 steam dragons
  4 redbacks
  21 swamp worms
  42 nagas
  10 wargs
  5 acid dragons
  2 hydra simulacra (Swamp:4)
  9 water moccasins
  12 hell hounds (Lair:5)
  28 orc warriors
  An ice beast (D:6)
  10 swamp drakes
  11 black bears (Lair:5)
  8 ogres
  A swamp dragon zombie (Swamp:4)
  23 wolves
  7 centaurs
  A phantom (D:5)
  A swamp dragon skeleton (Swamp:4)
  A kobold brigand (D:10)
  8 bullfrogs
  An earth elemental (Elf:1)
  A gnoll sergeant (D:9)
  2 necrophages (Swamp:4)
  5 small abominations (Abyss:2)
  2 scorpions
  15 wights
  27 killer bees
  3 electric eels
  5 howler monkeys
  3 gnoll boudas
  5 hounds
  An iron imp (Abyss:2)
  21 orc priests
  7 iguanas
  A jelly (D:7)
  26 orc wizards
  8 adders
  24 gnolls
  2 shadow imps
  3 white imps
  2 ufetubi (Abyss:2)
  2 worms
  5 dart slugs
  88 orcs
  14 bats
  12 endoplasms
  3 giant cockroaches (D:1)
  10 goblins
  9 hobgoblins
  2 jackals (D:2)
  5 quokkas
  5 ball pythons
  6 frilled lizards
  15 kobolds
  5 rats
  A lurking horror (Abyss:2)
1253 creatures vanquished.

Vanquished Creatures (collateral kills)
  A nagaraja (Snake:4)
  2 vault wardens (Vaults:2)
  A very ugly thing (Vaults:2)
  2 ironbound preservers
  3 vault guards (Vaults:2)
  A catoblepas (D:13)
  2 centaur warriors (Vaults:2)
  3 ironbound frosthearts
  2 boulder beetles
  3 anacondas
  A dancing weapon (Elf:1)
  A deep troll earth mage (Vaults:1)
  4 naga warriors
  5 naga sharpshooters
  A deep elf archer (Elf:1)
  6 ironbound convokers
  3 lindwurms (Vaults:2)
  An ugly thing (D:15)
  A deep elf pyromancer (Elf:2)
  A mana viper (Snake:1)
  2 salamanders (Snake:2)
  A vault sentinel (Vaults:1)
  6 black mambas
  3 guardian serpents
  4 naga magi
  A komodo dragon (Lair:5)
  A yaktaur (Vaults:2)
  A polar bear (Lair:5)
  A death drake skeleton (Swamp:4)
  A spriggan (Swamp:4)
  A water elemental (Elf:2)
  A basilisk (Lair:5)
  2 vampire mosquitoes (Lair:2)
  6 nagas
  A hydra simulacrum (Swamp:4)
76 creatures vanquished.

Vanquished Creatures (others)
  4 nagarajas
  4 ironbound preservers
  An orc warlord (Vaults:2)
  An ironbound thunderhulk (Vaults:2)
  3 very ugly things (Vaults:2)
  A deep elf demonologist (Vaults:1)
  An ettin (Vaults:1)
  2 yaktaur captains (Vaults:1)
  A deep elf high priest (Vaults:1)
  4 vault guards (Vaults:2)
  A salamander tyrant (Snake:4)
  An ironbound frostheart (Vaults:1)
  A boulder beetle (Vaults:1)
  A centaur warrior (Vaults:2)
  4 naga warriors
  An alligator (Swamp:2)
  8 naga sharpshooters
  A deep elf knight (Elf:1)
  14 deep trolls
  2 deep elf pyromancers (Elf:1)
  6 orc knights (Vaults:2)
  2 wizards (Vaults:1)
  3 ironbound convokers
  A deep elf zephyrmancer (Elf:1)
  A cyclops (D:13)
  An oklob plant (Snake:1)
  3 ugly things (Vaults:1)
  2 will-o-the-wisps (Swamp:3)
  2 salamanders
  4 guardian serpents
  A black mamba (Snake:4)
  2 vault sentinels (Vaults:2)
  4 naga magi
  2 tyrant leeches
  2 bloated husks
  7 slime creatures (Vaults:1)
  A spriggan (Swamp:3)
  5 nagas
  An orc warrior (D:15)
  2 swamp drakes
  A wolf (Lair:5)
  A small abomination (Abyss:2)
  An orc priest (Orc:2)
  A kobold (D:10)
  26 foxfires
138 creatures vanquished.

Grand Total: 1467 creatures vanquished

Notes
Turn   | Place    | Note
-------+----------+-------------------------------------------
     0 | D:1      | dolemite99 the Merfolk Reaver began the quest for the Orb.
     0 | D:1      | Reached XP level 1. HP: 16/16 MP: 3/3
   202 | D:1      | Reached XP level 2. HP: 22/22 MP: 5/5
   552 | D:1      | Reached XP level 3. HP: 23/27 MP: 6/6
   577 | D:1      | Reached skill level 5 in Long Blades
  1316 | D:2      | Found an opulent altar of Gozag.
  1324 | D:2      | Became a worshipper of Gozag Ym Sagoz the Greedy
  1470 | D:2      | Reached XP level 4. HP: 33/33 MP: 7/7
  1957 | D:2      | Noticed Sigmund
  2977 | D:3      | Identified a scroll of acquirement
  2977 | D:3      | Acquired the +1 helmet "Tips" {Fly rF+ SInv}
  3054 | D:3      | Reached XP level 5. HP: 38/38 MP: 8/8
  3173 | D:3      | You are sucked into a shaft and drop 2 floors!
  3173 | D:5      | Entered Level 5 of the Dungeon
  3515 | D:3      | Reached XP level 6. HP: 44/44 MP: 9/9
  4391 | D:4      | Found a hide-covered altar of Uskayaw.
  4421 | D:4      | Found a staircase to the Ecumenical Temple.
  5893 | D:5      | Noticed Prince Ribbit
  5917 | D:5      | Reached skill level 1 in Shields
  5917 | D:5      | Reached XP level 7. HP: 49/50 MP: 10/10
  5922 | D:5      | Killed Prince Ribbit
  6752 | D:5      | Reached XP level 8. HP: 52/61 MP: 11/11
  7458 | D:5      | Reached skill level 1 in Armour
  8765 | D:6      | Found Xuoqouwu's Magic Scroll Shop.
  8770 | D:6      | Bought a scroll of enchant weapon for 90 gold pieces
  8770 | D:6      | Bought a scroll of identify for 24 gold pieces
  8770 | D:6      | Bought a scroll of identify for 24 gold pieces
  8782 | D:6      | Bought a scroll of magic mapping for 90 gold pieces
  8782 | D:6      | Bought a scroll of identify for 24 gold pieces
  9780 | D:7      | Acquired a manual of Long Blades
  9830 | D:7      | Reached XP level 9. HP: 28/61 MP: 12/12
  9957 | D:7      | Reached skill level 10 in Long Blades
 11270 | D:7      | Reached skill level 5 in Fighting
 11479 | D:7      | Found The Oracle's Delphic Readings.
 11483 | D:7      | Bought a scroll of enchant weapon for 82 gold pieces
 11483 | D:7      | Bought a scroll of enchant weapon for 82 gold pieces
 11535 | D:7      | Bought a scroll of enchant armour for 82 gold pieces
 11535 | D:7      | Bought a book of Spatial Translocations for 198 gold pieces
 11539 | D:7      | Learned a level 2 spell: Blink
 11955 | D:8      | Reached XP level 10. HP: 63/79 MP: 13/13
 12357 | D:8      | Noticed Grum
 12820 | D:9      | Found a runed translucent door.
 12828 | D:9      | Noticed a two-headed ogre
 12828 | D:9      | Noticed SprigganGuy's ghost (novice SpHu)
 12837 | D:9      | Killed a two-headed ogre
 12838 | D:9      | Reached skill level 10 in Fighting
 12982 | D:9      | Noticed a two-headed ogre
 13010 | D:9      | Killed a two-headed ogre
 14017 | D:9      | Found a glowing golden altar of the Shining One.
 14088 | D:9      | Found a hazy altar of Hepliaklqana.
 14089 | D:9      | Found a faded altar of an unknown god.
 14090 | D:9      | Found a faded altar of an unknown god.
 14134 | D:9      | Killed SprigganGuy's ghost
 14138 | D:9      | Reached XP level 11. HP: 95/95 MP: 14/14
 14210 | D:9      | Got the Quarto of the Plateau
 14240 | D:10     | Entered Level 10 of the Dungeon
 14623 | D:10     | Found a white marble altar of Elyvilon.
 14678 | D:10     | Noticed Maurice
 14697 | D:10     | Paralysed by Maurice for 3 turns
 14702 | D:10     | Killed Maurice
 14952 | D:10     | Reached skill level 3 in Dodging
 14953 | D:10     | Noticed a two-headed ogre
 14962 | D:10     | Killed a two-headed ogre
 14963 | D:10     | Reached skill level 4 in Dodging
 15358 | D:11     | Reached skill level 5 in Dodging
 15436 | D:12     | Noticed Josephine
 15454 | D:11     | Noticed a soul eater
 15466 | D:11     | Reached skill level 6 in Dodging
 15499 | D:11     | Reached skill level 7 in Dodging
 15884 | D:11     | Found a staircase to the Lair.
 15919 | D:11     | Found Zabust's Assorted Antiques.
 15927 | D:11     | Bought a scroll of enchant armour for 217 gold pieces
 15929 | D:11     | Bought a scroll of teleportation for 87 gold pieces
 15947 | D:11     | Reached skill level 8 in Dodging
 16019 | D:11     | Found Jym Otac's Armour Shop.
 16086 | D:11     | Reached skill level 9 in Dodging
 16213 | D:11     | Found Xumotyoc's Jewellery Shop.
 16214 | D:11     | Found Vilamas's Antique Weapon Boutique.
 16229 | D:11     | Reached skill level 10 in Dodging
 16361 | D:11     | Found a portal to a secret trove of treasure.
 16393 | D:11     | Found Zirotzis's Book Emporium.
 16401 | D:11     | Learned a level 2 spell: Passwall
 16458 | D:11     | Bought a +2 chain mail of poison resistance for 314 gold
                  | pieces
 16726 | D:11     | Reached skill level 11 in Dodging
 16945 | Lair:1   | Entered Level 1 of the Lair of Beasts
 16953 | Lair:1   | Reached XP level 12. HP: 98/105 MP: 15/15
 17033 | Lair:1   | Reached skill level 12 in Dodging
 17249 | Lair:1   | Reached skill level 13 in Dodging
 17962 | Lair:2   | Reached skill level 1 in Translocations
 18656 | D:11     | Bought an amulet of regeneration for 450 gold pieces
 18930 | D:8      | Found a shimmering altar of Xom.
 18931 | D:8      | Found a shimmering altar of Xom.
 19149 | D:8      | Killed Grum
 19872 | D:8      | Found a sparkling altar of Nemelex Xobeh.
 19872 | D:8      | Found a stormy altar of Qazlal.
 20236 | Lair:3   | Reached skill level 5 in Translocations
 20260 | Lair:3   | Reached skill level 1 in Evocations
 21110 | Lair:3   | Reached skill level 5 in Evocations
 21406 | Lair:4   | Reached XP level 13. HP: 109/111 MP: 16/16
 22121 | Lair:4   | Reached skill level 1 in Throwing
 22950 | D:11     | Bought the ring "Puseoneth" {AC+4 Dex+4} for 771 gold
                  | pieces
 23031 | Lair:5   | Entered Level 5 of the Lair of Beasts
 23090 | Lair:4   | Reached skill level 5 in Throwing
 23376 | Lair:5   | Identified the +0 robe "Qoddoona" {Contam Fly Dex+6}
 23552 | Lair:5   | Noticed Rupert
 24230 | D:12     | Killed Josephine
 25230 | D:12     | Found a staircase to the Orcish Mines.
 25386 | Lair:2   | Found a staircase to the Snake Pit.
 25518 | Lair:2   | Reached XP level 14. HP: 101/121 MP: 17/17
 25812 | Lair:2   | Reached skill level 15 in Fighting
 26086 | Lair:2   | Found a staircase to the Swamp.
 26422 | Orc:1    | Entered Level 1 of the Orcish Mines
 26434 | Orc:1    | Reached skill level 5 in Armour
 26907 | Orc:2    | Entered Level 2 of the Orcish Mines
 27140 | Orc:2    | Found Cetinav's Antique Weapon Shop.
 27277 | Orc:2    | Found a staircase to the Elven Halls.
 29909 | Orc:2    | Gained mutation: You are frail. (-10% HP) [a neqoxec]
 29910 | Orc:2    | Found Rasuabb's Antique Weapon Emporium.
 29910 | Orc:2    | Found Dinereon's Jewellery Shop.
 29918 | Orc:2    | Found Unootz's General Store.
 29918 | Orc:2    | Found Hanos's Antique Armour Emporium.
 30238 | Orc:2    | Bought a jade-encrusted scale mail for 288 gold pieces
 30238 | Orc:2    | Identified the +0 scale mail of the Fisher {Drain rC- MP+9
                  | Int+8} (You bought it in a shop on level 2 of the Orcish
                  | Mines)
 30392 | D:11     | Bought a manual of Translocations for 1280 gold pieces
 31625 | D:13     | Noticed Erolcha
 31634 | D:13     | Killed Erolcha
 31635 | D:13     | Reached skill level 10 in Translocations
 32129 | D:13     | Reached XP level 15. HP: 116/116 MP: 18/18
 32294 | D:13     | Learned a level 3 spell: Teleport Other
 32297 | D:13     | Learned a level 2 spell: Lesser Beckoning
 32459 | D:13     | Found a snail-covered altar of Cheibriados.
 33037 | D:13     | Identified the +2 robe of Daisies {Fly Str+3}
 33823 | D:14     | Found a blossoming altar of Fedhas.
 34699 | D:14     | Found a gate to the Vaults.
 34953 | D:15     | Entered Level 15 of the Dungeon
 35102 | D:15     | Found a staircase to the Depths.
 35102 | D:15     | Noticed a fire giant
 35135 | D:15     | Reached skill level 5 in Shields
 35469 | D:15     | Killed a fire giant
 36900 | Lair:4   | Reached XP level 16. HP: 96/122 MP: 23/23
 37188 | Lair:5   | Killed Rupert
 37968 | Lair:5   | Reached skill level 10 in Shields
 39016 | Lair:5   | Found a staircase to the Slime Pits.
 39236 | Snake:1  | Entered Level 1 of the Snake Pit
 39974 | Snake:1  | Identified the +2 leather armour "Mixkuc" {Slay+2}
 41270 | Snake:2  | Noticed Aizul
 42323 | Snake:2  | HP: 6/122 [poisoned by Aizul (poison arrow)]
 42882 | Snake:2  | Killed Aizul
 43394 | Snake:2  | Found Kadam's Neck Hole.
 43398 | Snake:2  | Bought an amulet of reflection for 420 gold pieces
 43551 | Snake:2  | Identified the +0 chain mail of Eternal Night {rElec}
 43666 | Snake:2  | Reached XP level 17. HP: 116/127 MP: 19/24
 44831 | Snake:2  | Found Coubloss's Specific Store.
 44833 | Snake:2  | Found Esaefuath's General Store.
 44837 | Snake:2  | Bought a potion of haste for 160 gold pieces
 45351 | Snake:3  | Reached skill level 15 in Shields
 45717 | Snake:3  | Found Osoe's CLEARANCE SALE!.
 45967 | Snake:3  | Upgraded the game from 0.30.0-15-g856e2d3f33 to
                  | 0.30.0-16-gbe6223bb7e
 46239 | Snake:3  | Found Fetaf's General Store.
 46738 | Snake:3  | Found a sacrificial altar of Ru.
 46746 | Snake:3  | Found Hoagiog's Book Shoppe.
 46748 | Snake:3  | Found Eqichoasm's Jewellery Shop.
 46749 | Snake:3  | Found Rukkei's Book Shoppe.
 46774 | Snake:3  | Learned a level 3 spell: Mephitic Cloud
 46806 | Snake:3  | Noticed Kirke
 46830 | Snake:3  | Killed Kirke
 46831 | Snake:3  | Reached skill level 1 in Poison Magic
 48003 | Snake:4  | Entered Level 4 of the Snake Pit
 48118 | Snake:4  | Reached skill level 5 in Poison Magic
 50105 | Snake:4  | Reached skill level 1 in Air Magic
 52424 | Snake:4  | Got a serpentine rune of Zot
 52841 | D:2      | Killed Sigmund
 53404 | Swamp:1  | Entered Level 1 of the Swamp
 53408 | Swamp:1  | Noticed a tentacled monstrosity
 53545 | Lair:2   | Killed a tentacled monstrosity
 53546 | Lair:2   | Reached skill level 5 in Air Magic
 54195 | Swamp:1  | Reached XP level 18. HP: 76/134 MP: 18/25
 56372 | Swamp:2  | Noticed Frances
 56392 | Swamp:2  | Killed Frances
 57222 | Swamp:3  | Found a runed translucent gate.
 57249 | Swamp:3  | Noticed platinum's ghost (adept TeRe)
 58028 | Swamp:3  | Noticed a tentacled monstrosity
 58071 | Swamp:3  | Found a runed translucent gate.
 58072 | Swamp:3  | Found a runed translucent gate.
 58256 | Swamp:4  | Entered Level 4 of the Swamp
 59399 | Swamp:4  | Reached skill level 5 in Conjurations
 60085 | Swamp:4  | Identified the +0 chain mail of Parts Unknown {Str+2 Dex+3}
 60610 | Swamp:4  | Found a blossoming altar of Fedhas.
 61473 | Swamp:4  | Found a basalt altar of Yredelemnul.
 61504 | Swamp:4  | Got a decaying rune of Zot
 61727 | D:11     | Learned a level 5 spell: Summon Forest
 61900 | Elf:1    | Entered Level 1 of the Elven Halls
 61900 | Elf:1    | Found a runed translucent gate.
 61900 | Elf:1    | Found a runed translucent gate.
 61900 | Elf:1    | Found a runed translucent gate.
 61900 | Elf:1    | Found a runed translucent gate.
 61900 | Elf:1    | Found a runed translucent gate.
 61900 | Elf:1    | Found a runed translucent gate.
 62158 | Vaults:1 | Entered Level 1 of the Vaults
 62812 | Vaults:1 | Reached XP level 19. HP: 103/139 MP: 26/26
 63730 | Vaults:2 | Found Corucledi's Armour Boutique.
 63744 | Vaults:2 | Bought a +1 pair of boots of flying for 280 gold pieces
 64502 | Vaults:2 | Identified the +3 whip of Invincibility {vamp, rC+}
 64508 | Vaults:2 | Reached skill level 10 in Poison Magic
 65590 | Vaults:2 | Found Tipor's Antique Armour Shoppe.
 66053 | Snake:3  | Bought a ring of resist corrosion for 280 gold pieces
 66287 | Elf:1    | Found a runed translucent door.
 66956 | Elf:1    | Found Ysauripi's General Store.
 66957 | Elf:1    | Found Dacyariq's Antique Weapon Boutique.
 66957 | Elf:1    | Found Tussu's Book Shop.
 68022 | Elf:1    | Found a runed translucent door.
 68393 | Elf:1    | Found Jiamerakk's Armour Boutique.
 68834 | Elf:1    | Paralysed by an air elemental for 1 turns
 69752 | Elf:1    | Paralysed by an air elemental for 1 turns
 70844 | Elf:2    | Found a runed translucent gate.
 70846 | Elf:2    | Found a runed translucent gate.
 70846 | Elf:2    | Found a runed translucent gate.
 73521 | Vaults:3 | Reached skill level 14 in Dodging
 74147 | Vaults:3 | Reached XP level 20. HP: 111/153 MP: 0/27
 74267 | Vaults:3 | Reached skill level 15 in Dodging
 74373 | Vaults:2 | Acquired 891 gold pieces
 74531 | Vaults:2 | Gained mutation: You are dopey. (Int -2) [mutagenic glow]
 75637 | Vaults:3 | Reached skill level 16 in Dodging
 76904 | Vaults:3 | Reached skill level 17 in Dodging
 77161 | Vaults:3 | Found a staircase to the Crypt.
 77161 | Vaults:3 | Found a basalt altar of Yredelemnul.
 77162 | Vaults:3 | Found an ancient bone altar of Kikubaaqudgha.
 78785 | Abyss:2  | Found a corrupted altar of Lugonu.
 78785 | Abyss:2  | Cast into level 2 of the Abyss (a wizard)
 79056 | Abyss:2  | Reached skill level 18 in Dodging
 79607 | Vaults:4 | Escaped the Abyss
 80011 | Vaults:4 | Reached skill level 19 in Dodging
 82543 | Vaults:4 | Slain by a vault warden

Illustrated notes

Levels and vault maps discovered:
D:1:      nagdon_arrival_zigzag_paths, layout_basic, st_stairs_13
D:2:      layout_basic, basic_altar, dreamdust_wishing_well,
          minmay_pentomino_z4, uniq_sigmund
D:3:      minmay_angry_zag, layout_loops_ring, kennysheep_generic_room_13
D:4:      layout_rooms, nicolae_uskayaw_murder_on_the_dancefloor,
          minmay_temple_entry_statues_fountains
D:5:      layout_rooms, uniq_prince_ribbit1
D:6:      nicolae_cairo_tiling_very_big, layout_cave_pods, serial_shops,
          nicolae_shop_tiny_waterfront, kennysheep_generic_room_6
D:7:      layout_loops_ring, st_stairs_8, nicolae_nh_oracle_at_delphi
D:8:      layout_basic, xom_redecorated, gammafunk_temple_overflow_pools,
          uniq_grum
D:9:      layout_gridville, nicolae_hepliaklqana_ecumenical_no_more,
          lemuel_coloured_pillars_altar, enter_bailey_7, hellmonk_ghost_big_iron
D:10:     layout_irregular_city, mainiacjoe_overflow_alcove_4, uniq_maurice
D:11:     layout_loops_corners, lair_entry_dummy,
          nicolae_trove_entry_free_sample, serial_shops, shop,
          nicolae_shop_tiny_glass, nicolae_shop_statue_plus, shop,
          nicolae_shop_tiny_glass
D:12:     layout_loops_ring, erik_orc_2, uniq_josephine
D:13:     minmay_the_grid_3x3 [minmay_the_grid_x, minmay_the_grid_outer_circle,
          minmay_the_grid_gridbox, minmay_the_grid_small_cups,
          minmay_the_grid_embedded, minmay_the_grid_box_x,
          minmay_the_grid_paths, minmay_the_grid_empty,
          minmay_the_grid_prize_big_room], layout_basic, cheibriados_altar_1,
          uniq_erolcha
D:14:     layout_loops_ring, david_vaults_5, fedhas_altar_fruit_tree
D:15:     grunt_enter_depths_giant_problem, layout_long_grid, minmay_misc_feat_x
Lair:1:   layout_loops_ring
Lair:2:   layout_roguey [special_room_bee], palyth_hydra_swamp_entry,
          guppyfry_snake_entry_island
Lair:3:   layout_chaotic_city, eino_small_chamber_without_monster,
          chequers_serial_rivers_marsh
Lair:4:   layout_gridlike, infiniplex_staircase_pool_2, lemuel_fruit_fields,
          grunt_megastairs_1
Lair:5:   guppyfry_lair_end_dragon, layout_loops_ring,
          hangedman_lair_caniforms_friends, dpeg_slime_entry_corner, uniq_rupert
Swamp:1:  layout_basic_swamp, nicolae_swamp_ascending_descending, swamp_pool2,
          infiniplex_staircase_pool
Swamp:2:  layout_basic_swamp, evilmike_swamp_ruin_rubble_2, uniq_frances
Swamp:3:  layout_basic_swamp, gammafunk_ghost_split, serial_swamp_ruin,
          hangedman_swamp_ruin_hall, hangedman_swamp_ruin_wall
Swamp:4:  byrel_swamp_growth_death_and_undeath, layout_basic_swamp
Snake:1:  layout_misc_corridors, dpeg_stationary_puzzle, serial_bayou_shore_b
Snake:2:  nicolae_snake_shooting_gallery, layout_gridlike, drop_trap,
          nicolae_specific_store, nicolae_shop_sticking_my_neck_out, uniq_aizul
Snake:3:  layout_onion, serial_shops, shop, basic_altar, nicolae_shop_clearance,
          minmay_shop_grove, uniq_kirke
Snake:4:  grunt_snake_rune_serpentine_throne, layout_rooms, serial_bayou_pond_d
Orc:1:    layout_diamond_mine
Orc:2:    grunt_orc_tribal_feast, layout_diamond_mine, serial_shops, shop
Elf:1:    nicolae_elf_arrival_dilemma, layout_geoelf_grid,
          portal_ice_cave_entry_ice_statue_two, evilmike_minifort,
          minmay_shoptagon
Elf:2:    elven_hall_of_blades_hangedman_original [nicolae_blade_tridents],
          layout_geoelf_octagon, portal_desolation_entry_nicolae_nacl
Vaults:1: v_misc_25, v_misc_4, nicolae_vaults_frosty_reception,
          ontoclasm_vaults_ring_small, v_pattern_4, vaults_dpeg_emergency_exit,
          v_misc_32, nicolae_vaults_stepped_doors, nicolae_vaults_six-pack,
          vaults_room_glass_cross, layout_vaults_big_room
Vaults:2: nicolae_vaults_apartment_2, vaults_room_fours, vaults_room_semicircle,
          v_alt_pattern_3, nicolae_vaults_network_barrier, v_misc_1,
          vaults_room_stairs_pillars, vaults_dpeg_cross,
          nicolae_vaults_closet_pinwheel_4, vaults_dpeg_encased_lava, v_misc_9,
          vaults_room_stairs_pillars, layout_vaults_omnicross, serial_shops,
          nicolae_shop_back_alley_shop, nicolae_shop_crystal
Vaults:3: nicolae_vaults_crenellated_ambush, grunt_vaults_hallway_long,
          vaults_room_large_hall, vaults_room_boxed,
          ontoclasm_vaults_claustrophobia, hangedman_vaults_river_flow,
          nicolae_vaults_weapon_check, v_misc_18,
          nicolae_vaults_oval_intersection, ontoclasm_vaults_pinch,
          vaults_room_grid, v_misc_9, grunt_vaults_focal, layout_vaults_omnibox,
          minmay_crypt_entry_necro_gods
Vaults:4: nicolae_vaults_double_plus_3, nicolae_vaults_tetromino_T_1,
          hangedman_vaults_stagger, vaults_mumra_hex,
          nicolae_vaults_trapezoid_2, nicolae_vaults_apartment_2,
          layout_vaults_omnigrid

Skill      XL: |  1  2  3  4  5  6  7  8  9 10 11 12 13 14 15 16 17 18 19 20 |
---------------+-------------------------------------------------------------+-----
Long Blades    | 4 5 6 8 9 14 | 14.0
Shields        | 1 3 8 14 15 | 15.4
Fighting       | 4 7 12 13 14 15 18 | 18.0
Armour         | 4 7 |  7.3
Dodging        | 11 13 14 19 | 19.5
Translocations | 5 10 13 | 13.0
Evocations     | 5 7 |  7.2
Throwing       | 7 |  7.4
Spellcasting   | 4 |  4.8
Poison Magic   | 7 10 | 10.4
Air Magic      | 5 8 |  8.7
Conjurations   | 7 |  7.4

Action                     |  1- 3 |  4- 6 |  7- 9 | 10-12 | 13-15 | 16-18 | 19-21 || total
---------------------------+-------+-------+-------+-------+-------+-------+-------++-------
  Melee: Falchion          |   126 |   123 |       |       |       |       |       ||   249
         Punch             |     1 |     4 |       |       |       |       |       ||     5
         Dagger            |       |   136 |    47 |       |       |       |       ||   183
         Long sword        |       |    31 |       |       |       |       |       ||    31
         Scimitar          |       |       |   316 |   666 |  1358 |  1775 |  1135 ||  5250
         Rapier            |       |       |       |       |    28 |       |       ||    28
  Throw: Boomerang         |       |     5 |     6 |    82 |    38 |     5 |       ||   136
         Dart              |       |       |       |     4 |   170 |    69 |       ||   243
         Throwing net      |       |       |       |       |     1 |       |       ||     1
         Javelin           |       |       |       |       |    18 |     4 |       ||    22
   Cast: Blink             |       |       |       |       |       |     9 |     1 ||    10
         Lesser Beckoning  |       |       |       |       |       |     1 |     1 ||     2
         Mephitic Cloud    |       |       |       |       |       |       |    39 ||    39
 Invoke: Potion Petition   |       |       |     1 |       |       |     4 |     4 ||     9
         Call Merchant     |       |       |       |     1 |       |       |       ||     1
         Bribe Branch      |       |       |       |       |       |     2 |       ||     2
  Evoke: Wand              |       |       |       |     7 |    52 |    27 |    26 ||   112
         Box of beasts     |       |       |       |       |     5 |     4 |     3 ||    12
         Phantom mirror    |       |       |       |       |     2 |     6 |     2 ||    10
         Phial of floods   |       |       |       |       |     1 |     6 |     4 ||    11
         Condenser vane    |       |       |       |       |       |     1 |     3 ||     4
         Lightning rod     |       |       |       |       |       |       |     5 ||     5
    Use: Scroll            |       |    12 |    14 |     9 |    11 |     9 |    12 ||    67
         Potion            |       |     2 |     5 |     1 |     4 |    30 |    11 ||    53
   Stab: Sleeping          |     2 |       |       |       |       |       |       ||     2
         Invisible         |       |     1 |     2 |       |    11 |    15 |     1 ||    30
         Distracted        |       |       |     2 |     2 |     9 |    25 |     8 ||    46
         Paralysed         |       |       |       |       |     2 |     2 |     6 ||    10
         Petrified         |       |       |       |       |     6 |       |       ||     6
         Confused          |       |       |       |       |       |     4 |     7 ||    11
 Armour: Leather armour    |    57 |    26 |       |       |       |       |       ||    83
         Chain mail        |       |   109 |   157 |   121 |   572 |   561 |       ||  1520
         Ring mail         |       |     3 |       |       |       |       |       ||     3
         Skin              |       |       |     5 |       |       |       |       ||     5
         Plate armour      |       |       |       |   151 |       |       |    38 ||   189
         Ice dragon scales |       |       |       |       |       |     4 |   156 ||   160
  Dodge: Dodged            |   115 |   127 |    81 |   251 |   744 |   710 |   395 ||  2423
  Block: Buckler           |       |     4 |    86 |   132 |   313 |       |       ||   535
         Tower shield      |       |       |       |       |   155 |  1068 |       ||  1223
         Reflection        |       |       |       |       |       |   125 |    80 ||   205
         Kite shield       |       |       |       |       |       |   969 |  1081 ||  2050
